AoeStats
← Alonchobjj

Oasis

509743463Analyzed
3v3 RM · 5d ago on Sep 27, 2026· 53m 7s· 6 players
Game mode
Random Map
Map size
Normal (6 player)
Population
200
Speed
Normal
Resources
Standard
Victory
Conquest
Starting age
Dark Age
Ending age
Imperial Age
RankedLock teamsTeams togetherTeam positionsShared explorationLock speedFull tech treeHidden civsTurbo modeCheats
Victory
Defeat
🇹🇷 Vietnamese · Türkiye
966
+12
🇹🇷 Lithuanians · Türkiye
942
+13
🇹🇷 Slavs · Türkiye
812
+18
🇪🇸 Goths · Spain
891
-15
🇪🇸 Mongols · Spain
880
-15
🇪🇸 Bulgarians · Spain
832
-13
RockNRolla
2:25 Loom
10:19 Feudal Age
12:27 Horse Collar
12:35 Double-Bit Axe
16:13 Gold Mining
19:55 Stone Mining
22:02 Horse Collar
26:43 Castle Age
25:05 Bloodlines
25:13 Scale Barding Armor
25:19 Forging
27:53 Chain Barding Armor
28:08 Iron Casting
28:47 Husbandry
29:33 Bow Saw
29:26 Heavy Plow
30:19 Wheelbarrow
29:30 Town Watch
30:59 Town Patrol
31:52 Hand Cart
35:28 Imperial Age
33:16 Hand Cart
35:41 Caravan
35:53 Stone Mining
36:20 Cavalier
37:52 Plate Barding Armor
39:01 Chemistry
38:22 Ballistics
38:56 Paladin
XxX
11:54 Feudal Age
13:04 Double-Bit Axe
13:30 Loom
13:30 Horse Collar
20:08 Castle Age
18:20 Stone Mining
18:22 Gold Mining
21:09 Bow Saw
21:02 Heavy Plow
21:27 Caravan
23:28 Wheelbarrow
25:35 Gold Shaft Mining
25:42 Coinage
27:10 Hand Cart
29:06 Scale Barding Armor
29:02 Padded Archer Armor
28:53 Fletching
29:13 Forging
30:51 Leather Archer Armor
30:46 Squires
30:07 Pikeman
30:40 Man-at-Arms
32:41 Ballistics
32:16 Town Watch
33:31 Long Swordsman
34:33 Scale Mail Armor
35:37 Town Patrol
39:12 Imperial Age
37:39 Husbandry
37:49 Bloodlines
37:00 Light Cavalry
38:27 Chain Mail Armor
38:49 Iron Casting
39:32 Two-Handed Swordsman
40:57 Plate Mail Armor
41:28 Blast Furnace
40:52 Chain Barding Armor
41:05 Crop Rotation
41:45 Two-Man Saw
40:42 Champion
42:21 Banking
42:50 Conscription
42:39 Detinets
42:30 Elite Boyar
43:35 Druzhina
47:21 Cavalier
47:22 Hussar
48:27 Bodkin Arrow
bLuStEr
2:24 Loom
10:54 Feudal Age
11:30 Double-Bit Axe
12:44 Horse Collar
21:03 Castle Age
19:15 Gold Mining
20:00 Stone Mining
22:19 Bow Saw
22:36 Caravan
23:23 Stone Shaft Mining
24:24 Fortified Wall
25:24 Heavy Plow
26:07 Crossbowman
27:15 Fletching
29:02 Wheelbarrow
28:44 Padded Archer Armor
29:07 Ballistics
31:02 Hand Cart
35:18 Imperial Age
32:37 Town Watch
33:24 Bodkin Arrow
34:30 Thumb Ring
36:59 Chemistry
35:21 Arbalester
36:42 Town Patrol
38:20 Murder Holes
38:33 Bracer
38:49 Leather Archer Armor
39:07 Elite Rattan Archer
41:28 Paper Money
42:03 Ring Archer Armor
42:07 Cavalier
42:48 Husbandry
45:09 Bloodlines
jowi125
10:28 Feudal Age
11:44 Loom
15:44 Castle Age
14:22 Double-Bit Axe
14:20 Horse Collar
20:11 Loom
24:46 Fletching
27:17 Bow Saw
31:25 Bloodlines
31:16 Husbandry
32:15 Caravan
35:20 Imperial Age
33:07 Bodkin Arrow
33:56 Heavy Plow
35:02 Wheelbarrow
33:57 Light Cavalry
35:23 Onager
36:27 Hand Cart
35:47 Hussar
37:01 Drill
38:01 Scale Barding Armor
38:07 Forging
37:59 Bracer
39:11 Town Watch
39:27 Padded Archer Armor
39:47 Chain Barding Armor
40:03 Iron Casting
39:34 Elite Mangudai
40:27 Gold Mining
40:27 Stone Mining
41:53 Hoardings
41:13 Capped Ram
42:27 Ballistics
43:08 Chemistry
42:20 Masonry
42:12 Siege Ram
44:56 Blast Furnace
44:12 Leather Archer Armor
47:56 Siege Onager
ZerioX
0:47 Loom
12:52 Feudal Age
19:06 Castle Age
19:01 Wheelbarrow
24:09 Gold Mining
24:48 Double-Bit Axe
28:25 Bow Saw
29:39 Hand Cart
33:32 Forging
32:56 Pikeman
38:37 Squires
38:24 Gambesons
40:32 Iron Casting
40:02 Scale Barding Armor
44:13 Caravan
44:59 Chain Barding Armor
44:43 Scale Mail Armor
44:18 Elite Skirmisher
48:27 Imperial Age
Alonchobjj
3:12 Loom
10:58 Feudal Age
15:12 Castle Age
13:24 Double-Bit Axe
14:02 Horse Collar
23:41 Wheelbarrow
25:58 Hand Cart
26:12 Town Watch
28:01 Stone Mining
28:03 Gold Mining
31:01 Imperial Age
28:19 Treadmill Crane
29:39 Heavy Plow
29:50 Bow Saw
33:06 Conscription
32:57 Perfusion
33:01 Anarchy
33:16 Forging
33:07 Scale Mail Armor
34:14 Two-Man Saw
34:03 Crop Rotation
34:30 Iron Casting
34:20 Chain Mail Armor
34:48 Caravan
36:09 Blast Furnace
35:28 Squires
35:05 Pikeman
41:33 Capped Ram
44:19 Elite Huskarl
Connection lost

Rejoining the realm…

Still unreachable

The connection could not be restored.

Session expired

The server has moved on; the page needs a fresh start.